 Dungeon Crawl Stone Soup version 0.18.1-50-g88ac8fd (webtiles) character file.

4104 Monsterracer the Gouger (level 10, 49/49 HPs)
             Began as a Felid Artificer on Sept 3, 2017.
             Was an Elder of Nemelex Xobeh.
             Quit the game on level 3 of the Lair of Beasts.
             The game lasted 00:42:44 (18312 turns).

Monsterracer the Gouger (Felid Artificer)          Turns: 18312, Time: 00:42:45

Health: 49/49      AC:  3    Str: 10    XL:     10   Next: 6%
Magic:  17/17      EV: 28    Int: 15    God:    Nemelex Xobeh [****..]
Gold:   262        SH:  0    Dex: 20    Spells: 1 memorised, 7 levels left
                                        Lives:  0   Deaths: 3

rFire  . . .     SeeInvis +       - Unarmed
rCold  + . .     Gourm    .     (armour unavailable)
rNeg   . . .     Faith    .     (shield unavailable)
rPois  .         Spirit   +     (helmet unavailable)
rElec  .         Dismiss  .     (cloak unavailable)
rCorr  +         Reflect  .     (gloves unavailable)
SustAt .         Harm     .     (boots unavailable)
MR     +....                    h - amulet of guardian spirit
Stlth  ++++++....               m - ring of resist corrosion
                                j - +3 ring of strength

@: quick, somewhat resistant to hostile enchantments, very stealthy
A: no armour, no weapons or thrown items, claws 1, fangs 3, see invisible,
carnivore 3, speed 1, shaggy fur 3, slow metabolism 1, sharp paws
a: Triple Draw, Deal Four, Renounce Religion


You were on level 3 of the Lair of Beasts.
You worshipped Nemelex Xobeh.
Nemelex Xobeh was greatly pleased with you.
You were not hungry.

You visited 3 branches of the dungeon, and saw 14 of its levels.

You collected 718 gold pieces.
You spent 456 gold pieces at shops.

Inventory:

Jewellery
 h - an amulet of guardian spirit (around neck)
 j - a +3 ring of strength (left paw)
 m - a ring of resist corrosion (right paw)
 D - an uncursed ring of positive energy
Wands
 a - a wand of flame (5/48)
 b - a wand of enslavement (7/24)
 c - a wand of random effects (14/48)
 p - a wand of random effects (30/48)
 u - a wand of confusion (18/48)
 v - a wand of paralysis (7/24)
 w - a wand of disintegration (5/24)
 F - a wand of digging (10/24)
 H - a wand of confusion (31/48)
 M - a wand of iceblast (5/15)
 P - a wand of iceblast (9/15)
 Q - a wand of hasting (4/9)
 S - a wand of iceblast (6/15)
 V - a wand of digging (20/24)
Scrolls
 g - 7 scrolls of amnesia
 i - 4 scrolls of fog
 l - 5 scrolls of teleportation
 o - 5 scrolls of recharging
 r - 5 scrolls of remove curse
 N - 2 scrolls of magic mapping
 T - a scroll of identify
Potions
 f - 2 potions of magic
 k - 2 potions of haste
 n - 2 potions of brilliance
 t - 2 potions of agility
 A - a potion of cancellation
 G - a potion of resistance
 K - a potion of mutation
 L - a potion of might
 O - a potion of berserk rage
Miscellaneous
 q - a plain deck of escape
 x - a plain deck of destruction {drawn: 5}
 y - a plain deck of defence
 E - a plain deck of war
 I - a plain deck of escape
 J - a legendary deck of destruction {drawn: 1}
 R - an ornate deck of destruction
 U - a plain deck of destruction
 Z - a phial of floods (inert)
Comestibles
 d - 9 meat rations
 z - a slice of pizza
 B - 2 royal jellies
 C - a beef jerky


   Skills:
 + Level 8.6 Fighting
 + Level 10.4 Dodging
 + Level 11.3 Stealth
 * Level 11.6 Unarmed Combat
 + Level 9.0 Evocations


You had 7 spell levels left.
You knew the following spells:

 Your Spells              Type           Power        Failure   Level  Hunger
a - Passwall              Trmt/Erth      #.........   38%         2    ###....


Dungeon Overview and Level Annotations

Branches:
Dungeon (10/15)            Temple (1/1) D:5            Lair (3/8) D:8
    Orc (0/2) D:10
  Swamp: Lair:3-6    Shoals: Lair:3-6     Snake: Lair:3-6    Spider: Lair:3-6

Altars:
Ashenzari
Cheibriados
Dithmenos
Elyvilon
Fedhas
Gozag
Kikubaaqudgha
Makhleb
Nemelex Xobeh
Okawaru
Pakellas
Qazlal
Ru
Sif Muna
Trog
Vehumet
Xom
Yredelemnul
Zin
The Shining One

Shops:
D:5 *   D:6 *[   D:10 %


Innate Abilities, Weirdness & Mutations

You cannot wear armour.
You are incapable of wielding weapons or throwing items.
You have sharp claws.
You have razor-sharp teeth.
You have supernaturally acute eyesight.
You are carnivorous and can eat meat at any time.
You cover ground quickly.
Your thick and shaggy fur keeps you warm (AC +3, rC+).
You have a slow metabolism.
Your sharp claws are effective at attacking unaware monsters.


Message History

You have drawn Venom.
Press: ? - help, Shift-Dir - straight line, f/p - six-headed hydra
Aim: a six-headed hydra (lightly wounded)
The poison arrow hits the six-headed hydra.
The six-headed hydra partially resists.
The six-headed hydra is poisoned.
The six-headed hydra is heavily wounded.
The six-headed hydra bites you but does no damage.
The six-headed hydra bites you.
* * * LOW MAGIC WARNING * * *
* * * LOW HITPOINT WARNING * * *
The six-headed hydra bites you!
* * * LOW MAGIC WARNING * * *
You die...
The six-headed hydra completely misses you.
The six-headed hydra bites you. The six-headed hydra misses you.
You are now level 10!
You rejoin the land of the living...
Found 4 poisoned needles.
Unknown command.
Are you sure you want to abandon this character and quit the game? (Confirm with "yes".)

#♣♣
+...
#...#
...♣
...♣
♣.(♣♣
♣..♣
♣@♣
♣.♣
♣.♣
♣..
♣..
.♣♣#
. ♣


There were no monsters in sight!

Vanquished Creatures
  A hydra (Lair:3)
  Erica (Lair:2)
  Urug (Lair:2)
  A queen ant (Lair:3)
  Sonja (Lair:2)
  2 hill giants
  The ghost of Profistyle the Charlatan, a novice DDAr (D:4)
  2 spiny frogs
  2 rime drakes
  A komodo dragon (Lair:3)
  Grinder (D:4)
  Sigmund (D:3)
  Eustachio (D:5)
  2 wyverns
  6 yaks
  A basilisk (Lair:3)
  17 soldier ants
  2 water moccasins
  A hell hound (Lair:3)
  A sky beast (D:6)
  An eye of draining (D:10)
  3 orc warriors
  An ice beast (D:8)
  2 black bears
  3 phantoms
  6 ogres
  5 centaurs
  7 crocodiles
  A gnoll sergeant (D:6)
  9 giant frogs
  A wyvern skeleton (D:8)
  5 scorpions
  7 wights
  5 crimson imps
  2 giant frog zombies (D:9)
  A quasit (D:9)
  An orc priest (D:10)
  A jelly (D:10)
  9 orc wizards
  3 hounds
  5 iguanas
  Natasha (thrice) (D:3)
  15 worker ants
  6 sheep (Lair:2)
  2 hound skeletons
  A worker ant zombie (D:8)
  12 gnolls
  18 river rats
  15 adders
  4 shadow imps
  2 oozes
  2 adder skeletons
  2 adder zombies (D:8)
  4 worms
  2 dart slugs
  4 giant geckos
  15 orcs
  11 bats
  7 giant cockroaches
  9 goblins
  11 hobgoblins
  15 jackals
  13 kobolds
  6 quokkas
  A ball python (D:5)
  A giant cockroach zombie (D:6)
  A giant gecko skeleton (D:4)
  9 giant newts
  A jackal skeleton (D:4)
  3 quokka skeletons (D:6)
  15 rats
  A fungus (D:8)
  2 plants (Lair:3)
337 creatures vanquished.

Vanquished Creatures (collateral kills)
  A catoblepas (D:10)
  A crocodile (D:8)
  A wyvern zombie (D:9)
  2 orc wizards
  2 worker ants (Lair:3)
  3 orcs
10 creatures vanquished.

Vanquished Creatures (others)
  2 wights (D:7)
  A gnoll (D:6)
  A goblin (D:2)
  9 fungi
  7 plants
20 creatures vanquished.

Grand Total: 367 creatures vanquished

Notes
Turn   | Place    | Note
--------------------------------------------------------------
     0 | D:1      | Monsterracer the Felid Artificer began the quest for the Orb.
     0 | D:1      | Reached XP level 1. HP: 9/9 MP: 4/4
   208 | D:1      | Reached XP level 2. HP: 12/12 MP: 5/5
   912 | D:2      | Reached XP level 3. HP: 11/16 MP: 6/6
  1024 | D:2      | HP: 6/16 [giant gecko (3)]
  1225 | D:2      | HP: 8/16 [adder (1)]
  1230 | D:2      | HP: 6/16 [poisoned by an adder]
  1237 | D:2      | HP: 5/16 [poisoned by an adder]
  1245 | D:2      | HP: 3/16 [poisoned by an adder]
  1856 | D:2      | Reached XP level 4. HP: 15/20 MP: 7/7
  1925 | D:2      | Found a burning altar of Makhleb.
  2071 | D:2      | Found a burning altar of Makhleb.
  2071 | D:2      | Noticed a blizzard demon
  2077 | D:2      | Noticed a smoke demon
  2077 | D:2      | Noticed a neqoxec
  2678 | D:3      | HP: 8/20 [adder (3)]
  2682 | D:3      | HP: 2/20 [adder (4)]
  2794 | D:3      | Noticed Sigmund
  2814 | D:3      | HP: 6/20 [Sigmund/scythe (14)]
  2824 | D:3      | Killed from afar by Sigmund
  2825 | D:3      | Reached XP level 3. HP: -1/16 MP: 6/6
  2862 | D:3      | Killed Sigmund
  2862 | D:3      | Reached XP level 4. HP: 14/21 MP: 7/7
  2862 | D:3      | Reached XP level 5. HP: 16/24 MP: 8/8
  2989 | D:3      | Noticed Natasha
  3001 | D:3      | HP: 8/24 [Natasha (9)]
  3002 | D:3      | Killed Natasha
  3520 | D:3      | Gained mutation: You are covered in thick fur (AC +2). [Felid growth]
  3520 | D:3      | Reached XP level 6. HP: 23/28 MP: 9/9
  3714 | D:3      | Noticed Natasha
  3728 | D:3      | Killed Natasha
  3768 | D:3      | Noticed Natasha
  3780 | D:3      | HP: 5/28 [Natasha/magic dart (10)]
  3781 | D:3      | Killed Natasha
  4515 | D:4      | Noticed Eustachio
  4557 | D:5      | Entered Level 5 of the Dungeon
  4689 | D:4      | HP: 13/28 [ufetubus[Eustachio] (3)]
  4694 | D:4      | HP: 12/28 [ufetubus[Eustachio] (1)]
  4755 | D:5      | HP: 12/28 [centaur (5)]
  5049 | D:5      | HP: 11/28 [river rat[Eustachio] (7)]
  5050 | D:5      | HP: 5/28 [quokka[Eustachio] (1)]
  5058 | D:4      | HP: 5/28 [crimson imp (1)]
  5060 | D:4      | Reached XP level 7. HP: 6/31 MP: 3/10
  5177 | D:4      | Noticed Profistyle's ghost (novice DDAr)
  5186 | D:5      | Killed Eustachio
  5186 | D:5      | Reached skill level 5 in Unarmed Combat
  5532 | D:5      | Found a glowing golden altar of the Shining One.
  5541 | D:5      | Reached skill level 5 in Dodging
  5581 | D:5      | Found a staircase to the Ecumenical Temple.
  5609 | Temple   | Entered the Ecumenical Temple
  5839 | Temple   | Became a worshipper of Nemelex Xobeh the Trickster
  5869 | D:5      | Received a gift from Nemelex Xobeh
  5966 | D:5      | Found Ceskekeriva's Assorted Antiques.
  5969 | D:5      | Bought a short silver wand for 96 gold pieces
  5969 | D:5      | Bought an iron wand for 96 gold pieces
  6031 | D:5      | Reached skill level 5 in Stealth
  6059 | D:5      | Reached XP level 8. HP: 24/36 MP: 7/12
  6180 | D:5      | HP: 18/36 [orc wizard/dagger (1)]
  6607 | D:5      | Reached skill level 5 in Fighting
  6741 | D:4      | HP: 15/37 [Profistyle's ghost (4)]
  6743 | D:4      | HP: 7/37 [Profistyle's ghost (2)]
  6760 | D:4      | HP: 8/37 [crimson imp (1)]
  6791 | D:4      | Found a stormy altar of Qazlal.
  6891 | D:4      | Killed Profistyle's ghost
  6891 | D:4      | Reached skill level 5 in Evocations
  7184 | D:4      | Noticed Grinder
  7205 | D:4      | Killed Grinder
  7331 | D:4      | Found a basalt altar of Yredelemnul.
  7559 | D:4      | Received a gift from Nemelex Xobeh
  7807 | D:4      | Reached XP level 9. HP: 28/40 MP: 9/14
  7905 | D:4      | Reached * piety under Nemelex Xobeh
  7917 | D:4      | Found a sacrificial altar of Ru.
  8323 | D:6      | Received a gift from Nemelex Xobeh
  8344 | D:6      | Found Punecubu's Armour Shop.
  8891 | D:6      | Found Parocw's General Store.
  9421 | D:7      | Reached ** piety under Nemelex Xobeh
 10199 | D:7      | Noticed a hill giant
 10205 | D:7      | HP: 19/41 [hill giant/giant spiked club (22)]
 10250 | D:7      | Killed a hill giant
 10482 | D:8      | Received a gift from Nemelex Xobeh
 10636 | D:5      | Bought a bronze wand for 96 gold pieces
 10897 | D:8      | HP: 21/42 [yak (3)]
 10906 | D:8      | HP: 18/42 [river rat (4)]
 10963 | D:8      | HP: 21/42 [rat (2)]
 11018 | D:8      | HP: 21/42 [crocodile (7)]
 11019 | D:8      | HP: 9/42 [crocodile (12)]
 11283 | D:8      | Reached XP level 10. HP: 41/46 MP: 13/16
 11386 | D:8      | Learned a level 2 spell: Passwall
 11523 | D:8      | Found a staircase to the Lair.
 11904 | D:8      | Found a glowing silver altar of Zin.
 12187 | D:9      | Received a gift from Nemelex Xobeh
 12299 | D:9      | Reached *** piety under Nemelex Xobeh
 12478 | D:9      | HP: 18/46 [yak (10)]
 12777 | D:9      | Received a gift from Nemelex Xobeh
 13129 | D:9      | Found a shattered altar of Ashenzari.
 13566 | D:10     | Entered Level 10 of the Dungeon
 13569 | D:10     | Noticed a hill giant
 13586 | D:10     | Killed a hill giant
 13631 | D:10     | Found Bannudi's Food Shop.
 13704 | D:10     | Noticed a catoblepas
 13799 | D:10     | HP: 22/47 [catoblepas (5)]
 13801 | D:10     | HP: 8/47 [catoblepas (14)]
 13806 | D:10     | Killed a catoblepas
 13806 | D:10     | Reached skill level 10 in Unarmed Combat
 13847 | D:10     | HP: 11/47 [phantom (3)]
 13869 | D:10     | HP: 9/47 [phantom (5)]
 14377 | D:10     | Reached XP level 11. HP: 45/50 MP: 7/17
 14490 | D:10     | Found a staircase to the Orcish Mines.
 14729 | D:6      | Bought a plain deck of defence for 168 gold pieces
 14805 | Lair:1   | Entered Level 1 of the Lair of Beasts
 14978 | Lair:1   | Reached **** piety under Nemelex Xobeh
 15194 | Lair:1   | Received a gift from Nemelex Xobeh
 15417 | Lair:2   | Noticed Sonja
 15420 | Lair:2   | Killed Sonja
 15420 | Lair:2   | Reached skill level 10 in Stealth
 15602 | Lair:2   | Noticed Urug
 15617 | Lair:2   | Killed Urug
 15668 | Lair:2   | Received a gift from Nemelex Xobeh
 16007 | Lair:2   | Noticed Erica
 16027 | Lair:2   | Killed Erica
 16045 | Lair:2   | HP: 25/51 [poisoned by a water moccasin]
 16051 | Lair:2   | HP: 24/51 [poisoned by a water moccasin]
 16059 | Lair:2   | HP: 24/51 [poisoned by a water moccasin]
 16572 | Lair:3   | Noticed a six-headed hydra
 16576 | Lair:3   | Killed a six-headed hydra
 16652 | Lair:3   | Noticed a queen ant
 16655 | Lair:3   | HP: 25/51 [soldier ant (5)]
 16660 | Lair:3   | HP: 18/76 [poisoned by a soldier ant]
 16906 | Lair:3   | Killed a queen ant
 16914 | Lair:3   | Reached skill level 10 in Dodging
 17233 | Lair:3   | HP: 22/52 [soldier ant (6)]
 17244 | Lair:3   | HP: 23/52 [soldier ant (5)]
 17249 | Lair:3   | HP: 17/52 [poisoned by a soldier ant]
 17255 | Lair:3   | HP: 14/52 [poisoned by a soldier ant]
 17260 | Lair:3   | HP: 13/52 [poisoned by a soldier ant]
 17267 | Lair:3   | HP: 12/52 [poisoned by a soldier ant]
 17275 | Lair:3   | HP: 12/52 [poisoned by a soldier ant]
 17590 | Lair:3   | HP: 26/52 [soldier ant (4)]
 17595 | Lair:3   | HP: 22/52 [poisoned by a soldier ant]
 17601 | Lair:3   | HP: 20/52 [poisoned by a soldier ant]
 17606 | Lair:3   | HP: 19/52 [poisoned by a soldier ant]
 17613 | Lair:3   | HP: 18/52 [poisoned by a soldier ant]
 17620 | Lair:2   | HP: 17/52 [poisoned by a soldier ant]
 18060 | Lair:3   | Gained mutation: Your thick and shaggy fur keeps you warm (AC +3, rC+). [Felid growth]
 18060 | Lair:3   | Reached XP level 12. HP: 56/56 MP: 17/19
 18065 | Lair:3   | Engulfed by a cloud of thunder
 18066 | Lair:3   | Reached XP level 11. HP: -14/52 MP: 0/18
 18291 | Lair:3   | Noticed a six-headed hydra
 18299 | Lair:3   | HP: 18/52 [six-headed hydra (11)]
 18299 | Lair:3   | HP: 5/52 [six-headed hydra (9)]
 18311 | Lair:3   | HP: 5/52 [six-headed hydra (2)]
 18311 | Lair:3   | Mangled by a six-headed hydra
 18312 | Lair:3   | Reached XP level 10. HP: -8/49 MP: 0/17
 18312 | Lair:3   | Quit the game

Skill      XL: |  1  2  3  4  5  6  7  8  9 10 11 |
---------------+----------------------------------+-----
Fighting       | 2 3 4 5 6 7 8 |  8.6
Unarmed Combat | 2 4 3 5 7 8 10 11 | 11.6
Dodging        | 3 4 5 6 7 9 10 | 10.4
Stealth        | 3 4 5 6 8 9 11 | 11.3
Evocations     | 4 5 6 7 9 |  9.0

Action                   |  1- 3 |  4- 6 |  7- 9 | 10-12 || total
-------------------------+-------+-------+-------+-------++-------
Melee: Unarmed           |   111 |   242 |   372 |   642 ||  1367
       Bite              |    10 |    35 |    42 |    72 ||   159
       Punch             |     1 |     2 |    12 |    40 ||    55
Evoke: Wand              |     3 |     2 |    24 |    11 ||    40
       Deck              |       |       |     1 |    11 ||    12
       Phial of floods   |       |       |       |     1 ||     1
  Use: Potion            |       |     2 |       |     4 ||     6
       Scroll            |       |    10 |     8 |     6 ||    24
 Stab: Sleeping          |     6 |     8 |    18 |    32 ||    64
       Distracted        |       |     1 |     1 |     2 ||     4
  Eat: Chunk             |     9 |    12 |    12 |    11 ||    44
Armor: Skin              |     5 |    10 |     9 |    48 ||    72
Dodge: Dodged            |    81 |   204 |   247 |   492 ||  1024
Block: Other             |       |     4 |       |       ||     4
